MLB
SAN DIEGO PADRES @ LAS VEGAS HUSTLE
05/26/2098
 
TOP OF THE 1ST
San Diego Padres batting - Pitching for Las Vegas Hustle : RHP Danny Ahlers
Pitching: RHP Danny Ahlers
Batting: RHB Jose Barillas 0-0: Called Strike
0-1: Foul Ball, location: 25FF
0-2: Strikes out swinging
Batting: RHB Alfredo Beltran 0-0: Called Strike
0-1: SINGLE (Groundball, 4D, EV 108.8 MPH)
Batting: RHB Tony Merkin 0-0: Ball
1-0: Ball
2-0: DOUBLE (Line Drive, 7LS, EV 111.9 MPH)
Alfredo Beltran to third
Batting: RHB Tony Woody 0-0: SINGLE (Line Drive, 8RS, EV 104.4 MPH)
Alfredo Beltran scores
Tony Merkin to third
Batting: LHB Bryan McLaughlin 0-0: Called Strike
0-1: Ball
1-1: Called Strike
1-2: Strikes out swinging
Batting: RHB Chris Santos 0-0: Ball
1-0: Called Strike
1-1: Ball
2-1: Foul Ball, location: 2F
2-2: Ball
3-2: Foul Ball, location: 5SF
3-2: Fly out, F9 (Flyball, 9D, EV 105.6 MPH)
Top of the 1st over - 1 run, 3 hits, 0 errors, 2 left on base; San Diego 1 - Las Vegas 0
BOTTOM OF THE 1ST
Las Vegas Hustle batting - Pitching for San Diego Padres : RHP Jose Benitez
Pitching: RHP Jose Benitez
Batting: RHB Rick Roberds 0-0: Ball
1-0: Foul Ball, location: 2F
1-1: Ball
2-1: SINGLE (Line Drive, 8LM, EV 89.4 MPH)
Batting: SHB Jose Espinoza 0-0: Ball
1-0: Called Strike
1-1: Called Strike
1-2: Strikes out looking
Batting: RHB John Conway 0-0: Called Strike
0-1: Swinging Strike
0-2: Ball
Rick Roberds is caught stealing 2nd base 2-4
1-2: Ball
2-2: Strikes out looking
Bottom of the 1st over - 0 runs, 1 hit, 0 errors, 0 left on base; San Diego 1 - Las Vegas 0
TOP OF THE 2ND
San Diego Padres batting - Pitching for Las Vegas Hustle : RHP Danny Ahlers
Batting: LHB Jamie Wortman 0-0: Swinging Strike
0-1: Ball
1-1: Foul Ball, location: 2F
1-2: Ground out 4-3 (Groundball, 4D, EV 108.8 MPH)
Batting: LHB Eric Schoonover 0-0: Swinging Strike
0-1: Ball
1-1: SOLO HOME RUN (Flyball, 89XD, EV 96.3 MPH), Distance : 388 ft
Batting: RHB Bill Carlisle 0-0: Ball
1-0: Ball
2-0: Ball
3-0: Called Strike
3-1: DOUBLE (Line Drive, 7LM, EV 100.0 MPH)
Batting: RHB Jose Barillas 0-0: Foul Ball, location: 5FF
0-1: Ball
1-1: Fly out, F8 (Flyball, 8LM, EV 89.4 MPH)
Batting: RHB Alfredo Beltran 0-0: Ground out 4-3 (Groundball, 4, EV 105.6 MPH)
Top of the 2nd over - 1 run, 2 hits, 0 errors, 1 left on base; San Diego 2 - Las Vegas 0
BOTTOM OF THE 2ND
Las Vegas Hustle batting - Pitching for San Diego Padres : RHP Jose Benitez
Batting: RHB Tony Ledezma 0-0: Called Strike
0-1: Foul Ball, location: 7LSF
0-2: Strikes out swinging
Batting: LHB Yazid Deacon 0-0: Called Strike
0-1: Ground out 4-3 (Groundball, 4S, EV 86.9 MPH)
Batting: SHB Josh Osborne 0-0: Ball
1-0: Called Strike
1-1: SOLO HOME RUN (Flyball, 7D, EV 97.5 MPH), Distance : 375 ft
Batting: RHB Norge Carlos Hernandez 0-0: Ball
1-0: Ball
2-0: Called Strike
2-1: SINGLE (Groundball, 6MD, EV 98.1 MPH)
Batting: RHB Clint Hurley 0-0: Called Strike
0-1: Ball
1-1: Called Strike
1-2: Ball
2-2: Strikes out looking
Bottom of the 2nd over - 1 run, 2 hits, 0 errors, 1 left on base; San Diego 2 - Las Vegas 1
TOP OF THE 3RD
San Diego Padres batting - Pitching for Las Vegas Hustle : RHP Danny Ahlers
Batting: RHB Tony Merkin 0-0: Fly out, F8 (Flyball, 8LXD, EV 96.3 MPH)
Batting: RHB Tony Woody 0-0: Ball
1-0: Foul Ball, location: 2LF
1-1: Ball
2-1: Foul Ball, location: 2F
2-2: Ground out 6-3 (Groundball, 6, EV 78.8 MPH)
Batting: LHB Bryan McLaughlin 0-0: Ball
1-0: Ball
2-0: Called Strike
2-1: Called Strike
2-2: Foul Ball, location: 7LMF
2-2: Strikes out looking
Top of the 3rd over - 0 runs, 0 hits, 0 errors, 0 left on base; San Diego 2 - Las Vegas 1
BOTTOM OF THE 3RD
Las Vegas Hustle batting - Pitching for San Diego Padres : RHP Jose Benitez
Batting: RHB Karl Robbins 0-0: Ball
1-0: Ball
2-0: Swinging Strike
2-1: SINGLE (Line Drive, 34D, EV 94.4 MPH)
Pitching: RHP Jamal Grasty
Batting: RHB Rick Roberds 0-0: Called Strike
0-1: Swinging Strike
0-2: Ball
1-2: Ball
2-2: Fly out, F7 (Line Drive, 78S, EV 91.3 MPH)
Batting: SHB Jose Espinoza 0-0: Called Strike
0-1: Hit by Pitch
Karl Robbins to second
Batting: RHB John Conway 0-0: Fielders Choice at 2nd, 2-4 (Groundball, 15S, EV 72.5 MPH)
Karl Robbins to third
Batting: RHB Tony Ledezma 0-0: Called Strike
0-1: Hit by Pitch
John Conway to second
Batting: LHB Yazid Deacon 0-0: Called Strike
0-1: Ball
1-1: Foul Ball, location: 2F
1-2: Ball
2-2: Strikes out swinging
Bottom of the 3rd over - 0 runs, 1 hit, 0 errors, 3 left on base; San Diego 2 - Las Vegas 1
TOP OF THE 4TH
San Diego Padres batting - Pitching for Las Vegas Hustle : RHP Danny Ahlers
Batting: RHB Chris Santos 0-0: Fly out, F5 (Popup, 5, EV 66.9 MPH)
Batting: LHB Jamie Wortman 0-0: Ball
1-0: Swinging Strike
1-1: Foul Ball, location: 2F
1-2: SINGLE (Line Drive, 4MD, EV 99.4 MPH)
Batting: LHB Eric Schoonover 0-0: Ball
1-0: Foul Ball, location: 3FF
1-1: Swinging Strike
1-2: Ball
2-2: Strikes out swinging
Batting: RHB Bill Carlisle 0-0: Fielders Choice at 2nd, 5-4 (Groundball, 5, EV 105.0 MPH)
Top of the 4th over - 0 runs, 1 hit, 0 errors, 1 left on base; San Diego 2 - Las Vegas 1
BOTTOM OF THE 4TH
Las Vegas Hustle batting - Pitching for San Diego Padres : RHP Jamal Grasty
Batting: SHB Josh Osborne 0-0: Ball
1-0: Foul Ball, location: 2F
1-1: Fly out, F1 (Line Drive, P, EV 55.0 MPH)
Batting: RHB Norge Carlos Hernandez 0-0: Ball
1-0: Ground out 4-3 (Groundball, 4M, EV 82.5 MPH)
Batting: RHB Clint Hurley 0-0: Ball
1-0: Called Strike
1-1: SOLO HOME RUN (Flyball, 7D, EV 99.4 MPH), Distance : 392 ft
Batting: RHB Karl Robbins 0-0: Ball
1-0: SOLO HOME RUN (Flyball, 78XD, EV 107.5 MPH), Distance : 404 ft
Pitching: RHP Assunção Frutuoso
Batting: RHB Rick Roberds 0-0: Foul Ball, location: 9LMF
0-1: Ground out 4-3 (Groundball, 4, EV 108.8 MPH)
Bottom of the 4th over - 2 runs, 2 hits, 0 errors, 0 left on base; San Diego 2 - Las Vegas 3
TOP OF THE 5TH
San Diego Padres batting - Pitching for Las Vegas Hustle : RHP Danny Ahlers
Batting: RHB Jose Barillas 0-0: DOUBLE (Line Drive, 89M, EV 106.9 MPH)
Batting: RHB Alfredo Beltran 0-0: Ball
1-0: Ball
2-0: Ball
3-0: SINGLE (Line Drive, 9S, EV 86.3 MPH)
Jose Barillas to third
Batting: RHB Tony Merkin 0-0: Hit by Pitch
Alfredo Beltran to second
Batting: RHB Tony Woody 0-0: Ball
1-0: Ball
2-0: SINGLE (Groundball, 56D, EV 96.9 MPH)
Jose Barillas scores
Alfredo Beltran to third
Tony Merkin to second
Runner from 3rd tries for Home, SAFE, throw by LF to home
Batting: LHB Bryan McLaughlin 0-0: Foul Ball, location: 9LDF
0-1: Foul Ball, location: 3DF
0-2: Fly out, F6 (Popup, 4MD, EV 68.8 MPH)
Batting: RHB Chris Santos 0-0: Called Strike
0-1: Ball
1-1: Foul Ball, location: 9LSF
1-2: Foul Ball, location: 3FF
1-2: Fly out, F3 (Popup, 34, EV 58.8 MPH)
Batting: LHB Jamie Wortman 0-0: Called Strike
0-1: Swinging Strike
0-2: Ball
1-2: Ball
2-2: Foul Ball, location: 2RF
2-2: Ball
3-2: Foul Ball, location: 7LDF
3-2: Foul Ball, location: 2F
3-2: Strikes out swinging
Top of the 5th over - 2 runs, 3 hits, 0 errors, 2 left on base; San Diego 4 - Las Vegas 3
BOTTOM OF THE 5TH
Las Vegas Hustle batting - Pitching for San Diego Padres : RHP Assunção Frutuoso
Batting: SHB Jose Espinoza 0-0: Foul Ball, location: 7LMF
0-1: Ball
1-1: Ball
2-1: Foul Ball, location: 2F
2-2: Ball
3-2: Strikes out swinging, 2-3 out at first.
Batting: RHB John Conway 0-0: Ball
1-0: Swinging Strike
1-1: SINGLE (Line Drive, 89S, EV 92.5 MPH)
Batting: RHB Tony Ledezma 0-0: Called Strike
0-1: Ball
1-1: Foul Ball, location: 2F
1-2: Ball
2-2: Ball
3-2: SINGLE (Line Drive, 8LS, EV 106.3 MPH)
John Conway to second
Batting: LHB Yazid Deacon 0-0: Ball
1-0: Called Strike
1-1: Foul Ball, location: 2F
1-2: Ball
2-2: Grounds out, U3 (Groundball, 3L, EV 102.5 MPH)
John Conway to third
Batting: SHB Josh Osborne 0-0: Ball
1-0: Foul Ball, location: 7LSF
1-1: Ball
2-1: Fly out, F9 (Flyball, 9, EV 78.1 MPH)
Bottom of the 5th over - 0 runs, 2 hits, 0 errors, 2 left on base; San Diego 4 - Las Vegas 3
TOP OF THE 6TH
San Diego Padres batting - Pitching for Las Vegas Hustle : RHP Danny Ahlers
Batting: LHB Eric Schoonover 0-0: Called Strike
0-1: Ground out 5-3 (Groundball, 5S, EV 92.5 MPH)
Batting: RHB Bill Carlisle 0-0: Fly out, F9 (Flyball, 9S, EV 85.6 MPH)
Batting: RHB Jose Barillas 0-0: Called Strike
0-1: Ball
1-1: Foul Ball, location: 5FF
1-2: Foul Ball, location: 2F
1-2: SINGLE (Groundball, 6D, EV 107.5 MPH)
Batting: RHB Alfredo Beltran 0-0: Ball
1-0: Foul Ball, location: 3F
1-1: Foul Ball, location: 3F
1-2: Fielders Choice at 2nd, 5-4 (Groundball, 5, EV 90.6 MPH)
Top of the 6th over - 0 runs, 1 hit, 0 errors, 1 left on base; San Diego 4 - Las Vegas 3
BOTTOM OF THE 6TH
Las Vegas Hustle batting - Pitching for San Diego Padres : RHP Assunção Frutuoso
Batting: RHB Norge Carlos Hernandez 0-0: Ball
1-0: Ball
2-0: Called Strike
2-1: Called Strike
2-2: SOLO HOME RUN (Flyball, 78XD, EV 97.5 MPH), Distance : 389 ft
Batting: RHB Clint Hurley 0-0: Foul Ball, location: 2F
0-1: Ball
1-1: Foul Ball, location: 3F
1-2: Ball
2-2: Ball
3-2: Base on Balls
Pitching: RHP Mike Ross
Batting: RHB Karl Robbins 0-0: Ball
1-0: Bunt missed!
1-1: Sac Bunt to 13 - play at first, batter OUT! 1-3
Clint Hurley to second
Batting: RHB Rick Roberds 0-0: Swinging Strike
0-1: Ball
1-1: Ball
2-1: Foul Ball, location: 7LMF
2-2: Ball
3-2: Base on Balls
Batting: SHB Jose Espinoza 0-0: Called Strike
0-1: Ball
1-1: Ball
2-1: Ball
3-1: Called Strike
3-2: Strikes out swinging
Batting: RHB John Conway 0-0: Ball
1-0: Called Strike
1-1: Fly out, F4 (Popup, 4, EV 80.0 MPH)
Bottom of the 6th over - 1 run, 1 hit, 0 errors, 2 left on base; San Diego 4 - Las Vegas 4
TOP OF THE 7TH
San Diego Padres batting - Pitching for Las Vegas Hustle : RHP Danny Ahlers
Batting: RHB Tony Merkin 0-0: Called Strike
0-1: Ball
1-1: Ball
2-1: Ball
3-1: Foul Ball, location: 9LDF
3-2: Base on Balls
Batting: RHB Tony Woody 0-0: Ball
1-0: Foul Ball, location: 9LDF
1-1: Fly out, F9 (Flyball, 9S, EV 85.0 MPH)
Pitching: RHP Bill Grow
Batting: LHB Bryan McLaughlin 0-0: Called Strike
0-1: Called Strike
0-2: Foul Ball, location: 2F
0-2: Foul Ball, location: 5SF
0-2: Ball
1-2: Strikes out swinging
Batting: RHB Chris Santos 0-0: Ball
1-0: Foul Ball, location: 2F
1-1: Ball
2-1: Foul Ball, location: 25FF
2-2: Strikes out swinging
Top of the 7th over - 0 runs, 0 hits, 0 errors, 1 left on base; San Diego 4 - Las Vegas 4
BOTTOM OF THE 7TH
Las Vegas Hustle batting - Pitching for San Diego Padres : RHP Mike Ross
Pitching: LHP Seth Oltmans
Batting: RHB Tony Ledezma 0-0: Ball
1-0: Foul Ball, location: 2F
1-1: Swinging Strike
1-2: Strikes out looking
Batting: LHB Yazid Deacon 0-0: Swinging Strike
0-1: Called Strike
0-2: Ball
1-2: SINGLE (Line Drive, 6M, EV 98.1 MPH)
Batting: SHB Josh Osborne 0-0: Ball
1-0: Ball
2-0: Ball
3-0: Called Strike
3-1: Called Strike
3-2: Strikes out swinging
Batting: RHB Norge Carlos Hernandez 0-0: Called Strike
0-1: 2-RUN HOME RUN (Flyball, 7D, EV 98.8 MPH), Distance : 370 ft
Batting: RHB Clint Hurley 0-0: Foul Ball, location: 2F
0-1: Called Strike
0-2: Ball
1-2: Fly out, F9 (Flyball, 89D, EV 77.5 MPH)
Bottom of the 7th over - 2 runs, 2 hits, 0 errors, 0 left on base; San Diego 4 - Las Vegas 6
TOP OF THE 8TH
San Diego Padres batting - Pitching for Las Vegas Hustle : RHP Bill Grow
Batting: LHB Jamie Wortman 0-0: Ball
1-0: Called Strike
1-1: Ball
2-1: Foul Ball, location: 5FF
2-2: Foul Ball, location: 2F
2-2: Foul Ball, location: 3F
2-2: Foul Ball, location: 25F
2-2: Strikes out looking
Batting: LHB Eric Schoonover 0-0: Fly out, F9 (Flyball, 9, EV 88.1 MPH)
Batting: RHB Bill Carlisle 0-0: Ball
1-0: Foul Ball, location: 3SF
1-1: Ball
2-1: Foul Ball, location: 5F
2-2: Ball
3-2: Foul Ball, location: 2LF
3-2: Foul Ball, location: 5FF
3-2: DOUBLE (Line Drive, 89D, EV 106.3 MPH)
Pitching: LHP Adam Betts
Batting: RHB Jose Barillas 0-0: Ball
1-0: Ground out 4-3 (Groundball, 4MS, EV 80.0 MPH)
Top of the 8th over - 0 runs, 1 hit, 0 errors, 1 left on base; San Diego 4 - Las Vegas 6
BOTTOM OF THE 8TH
Las Vegas Hustle batting - Pitching for San Diego Padres : LHP Seth Oltmans
Pitching: RHP George Hulings
Batting: RHB Karl Robbins 0-0: Called Strike
0-1: Ball
1-1: Ground out 6-3 (Groundball, 6, EV 84.4 MPH)
Batting: RHB Rick Roberds 0-0: Ball
1-0: Ball
2-0: Ball
3-0: Called Strike
3-1: Called Strike
3-2: DOUBLE (Line Drive, 7LS, EV 96.3 MPH)
Batting: SHB Jose Espinoza 0-0: Single, Error in OF, E9, batter to second base (Line Drive, 9S, EV 91.9 MPH)
Rick Roberds scores
Batting: RHB John Conway 0-0: Ball
1-0: Swinging Strike
1-1: Foul Ball, location: 2F
1-2: Strikes out looking
Batting: RHB Tony Ledezma 0-0: Fly out, F8 (Flyball, 8LD, EV 95.6 MPH)
Bottom of the 8th over - 1 run, 2 hits, 1 error, 1 left on base; San Diego 4 - Las Vegas 7
TOP OF THE 9TH
San Diego Padres batting - Pitching for Las Vegas Hustle : LHP Adam Betts
Now at 1B: Leonardo Sosa
Now at 3B: Jose Espinoza
Now at SS: Josh Osborne
Batting: RHB Alfredo Beltran 0-0: Ball
1-0: Ball
2-0: Called Strike
2-1: Foul Ball, location: 5FF
2-2: SINGLE (Line Drive, 9S, EV 86.9 MPH)
Batting: RHB Tony Merkin 0-0: Swinging Strike
0-1: Grounds into double play, 5-4-3 (Groundball, 5, EV 85.6 MPH)
Batting: RHB Tony Woody 0-0: Ball
1-0: Ball
2-0: Called Strike
2-1: Ground out 4-3 (Groundball, 4, EV 89.4 MPH)
Top of the 9th over - 0 runs, 1 hit, 0 errors, 0 left on base; San Diego 4 - Las Vegas 7
Thursday, April 4th , 2024 - OOTP Baseball 24.11 Build 85